Map: Lerilak Crest

Players

LilDicky - Winner!

  • Race: Terran Terran
  • League: Diamond

Bretech

  • Race: Zerg Zerg
  • League: Platinum

VOD

http://www.twitch.tv/tumescentpie

Description

Time

  • Played on: Dec. 7, 2015, 11:20 a.m.
  • Length: 18:11
Show
View Real Time Build Order
Export as new Build Order

LilDicky Terran - Winner!

Build Orders: Mech 

Get SALT Encoding   

  12  0:01  SCV  
  13  0:13  SCV  
  14  0:17  Supply Depot  
  14  0:25  SCV  
  15  0:30  Refinery  
  15  0:39  SCV  
  16  0:47  Barracks  
  16  0:51  SCV  
  17  1:02  Refinery  
  17  1:03  SCV  
  18  1:15  SCV  
  19  1:36  Orbital Command  
  19  1:37  Supply Depot  
  20  1:49  Factory  
  19  1:57  Barracks Reactor  
  19  2:03  SCV  
  20  2:17  SCV  
  21  2:33  Armory  
  21  2:35  Marine x2  
  21  2:36  SCV, Starport  
  24  2:37  Factory Tech Lab  
  24  2:44  Supply Depot  
  24  2:48  SCV  
  25  2:53  Marine x2  
  27  3:11  Marine  
  28  3:19  Supply Depot  
  28  3:20  Marine  
  28  3:22  Thor  
  35  3:30  Medivac  
  35  3:33  Marine  
  38  3:38  SCV  
  39  3:47  Marine  
  40  3:50  SCV, Marine  
  42  4:02  SCV, Supply Depot  
  43  4:07  Liberator  
  39  4:23  SCV  
  38  4:30  Supply Depot  
  41  4:32  Supply Depot  
  41  4:36  Siege Tank  
  44  4:40  Command Center  
  44  4:41  Marine  
  44  4:42  Marine  
  46  4:53  SCV  
  46  4:54  Liberator  
  50  5:48  Thor  
  50  6:01  SCV  
  51  6:04  Command Center  
  51  6:13  SCV  
  51  6:17  Orbital Command  
  52  6:22  Starport Reactor  
  52  6:25  SCV  
  53  6:36  Thor  
  53  6:37  SCV  
  60  6:43  Factory x2  
  60  6:44  Engineering Bay  
  60  6:45  Refinery  
  60  6:54  SCV x2  
  60  7:00  Refinery  
  62  7:03  Medivac  
  62  7:06  SCV  
  65  7:14  SCV  
  66  7:18  Missile Turret  
  66  7:23  SCV  
  66  7:24  Missile Turret  
  66  7:29  Missile Turret  
  67  7:30  Missile Turret  
  67  7:43  Factory Tech Lab  
  67  7:44  Factory Reactor  
  67  7:46  Liberator  
  67  7:49  SCV x2, Missile Turret x2  
  67  7:51  Refinery x2  
  69  7:55  Orbital Command  
  69  8:05  Medivac  
  74  8:21  SCV x2  
  76  8:32  Thor  
  76  8:34  Hellion  
  84  8:36  Missile Turret  
  84  8:40  Supply Depot  
  84  8:41  Terran Vehicle Weapons Level 1  
  84  8:42  Supply Depot, SCV  
  85  8:53  Supply Depot  
  85  9:02  SCV, Hellion  
  88  9:04  Marine x2  
  90  9:12  Supply Depot  
  90  9:13  Bunker  
  90  9:17  Supply Depot, Bunker  
  90  9:18  SCV x2  
  90  9:21  Supply Depot  
  92  9:24  Supply Depot  
  71  10:26  Thor x2  
  71  10:27  Hellion x2, Viking x2  
  83  10:29  SCV x2  
  79  10:46  SCV x2  
  79  10:48  Terran Vehicle Weapons Level 2, Hellion  
  77  10:57  Viking  
  77  10:58  Armory  
  79  11:09  Thor x2  
  79  11:10  Command Center, Marine x2  
  91  11:11  Supply Depot  
  91  11:14  SCV  
  86  11:28  Hellion x2, Marine x2  
  86  11:29  SCV x2  
  94  11:34  Viking x2  
  94  11:37  SCV  
  99  11:41  SCV x2  
  99  11:46  Marine x2  
  103  11:47  Missile Turret  
  103  11:49  SCV  
  103  11:50  Hellion x2  
  103  11:52  Thor  
  103  11:53  SCV  
  105  12:04  Liberator x2  
  103  12:22  Marine  
  109  12:23  Thor, Marine  
  117  12:31  SCV x2  
  117  12:32  SCV  
  117  12:34  Thor  
  117  12:35  Missile Turret  
  126  12:38  Missile Turret  
  126  12:41  Missile Turret  
  126  12:43  SCV, Refinery  
  127  12:44  Refinery  
  117  12:51  Missile Turret  
  96  13:02  Hellion  
  98  13:06  Thor  
  98  13:10  Starport  
  98  13:11  Starport  
  99  13:21  SCV x2  
  99  13:23  Liberator x2  
  101  13:30  Planetary Fortress  
  98  13:34  SCV x2  
  105  14:02  SCV x2  
  107  14:03  Thor  
  107  14:05  Hellion x2  
  107  14:06  Starport Tech Lab x2  
  117  14:12  Liberator x2  
  117  14:13  SCV  
  117  14:14  SCV x2  
  117  14:16  Command Center  
  120  14:26  Missile Turret  
  120  14:27  Raven  
  120  14:28  Banshee  
  131  14:31  Cloaking Field  
  131  14:35  Terran Vehicle And Ship Armor Level 1  
  131  14:38  Terran Vehicle Weapons Level 3  
  131  14:39  SCV  
  132  14:49  SCV  
  132  14:51  Missile Turret  
  133  14:54  Thor x2  
  133  14:55  Hellion  
  147  15:11  Medivac x2  
  151  15:15  Missile Turret  
  125  15:41  Thor x2, Hellion x2  
  125  15:42  Liberator x2  
  138  15:58  Raven x2  
  148  16:29  SCV x2  
  148  16:31  Liberator x2  
  150  16:39  Refinery x2  
  150  16:40  Missile Turret  
  150  16:43  Missile Turret  
  150  16:47  Banshee x2  
  150  16:50  Thor x2  
  150  16:51  Hellion x2  
  150  16:52  SCV  
  179  16:54  Planetary Fortress  
  179  17:02  Missile Turret  
  179  17:12  Missile Turret  
  179  17:27  SCV  
Show
View Real Time Build Order
Export as new Build Order

Bretech Zerg 

Build Orders: Pool First, Lurkers 

Get SALT Encoding   

  12  0:01  Drone  
  13  0:12  Drone  
  14  0:21  Drone, Extractor  
  14  0:34  Spawning Pool  
  13  0:46  Drone  
  13  0:48  Overlord  
  14  1:08  Drone x2  
  16  1:29  Hatchery  
  15  1:38  Drone x2  
  17  1:41  Drone  
  18  2:02  Drone  
  18  2:03  Drone  
  20  2:08  Roach Warren  
  20  2:15  Queen  
  21  2:32  Overlord  
  21  2:50  Roach  
  21  2:51  Roach x3  
  29  2:56  Queen  
  31  3:01  Overlord  
  33  3:13  Ravager x3  
  33  3:14  Ravager  
  35  3:34  Drone x8  
  31  4:27  Roach  
  31  4:28  Roach x5  
  31  4:31  Overlord x4  
  43  4:39  Overlord x3  
  43  4:54  Queen  
  39  5:16  Drone  
  39  5:17  Drone x9  
  47  5:38  Queen  
  47  5:56  Lair  
  47  5:59  Drone x6  
  47  6:01  Evolution Chamber, Drone x2, Extractor  
  47  6:02  Evolution Chamber  
  52  6:12  Extractor  
  52  6:13  Extractor  
  52  6:17  Hatchery, Drone x7  
  52  6:18  Extractor  
  55  6:20  Extractor  
  54  6:32  Zerg Ground Armor Level 1  
  54  6:37  Roach x2  
  58  6:47  Roach  
  56  6:58  Spore Crawler  
  55  7:07  Zergling x12  
  55  7:08  Zergling x4  
  63  7:12  Zerg Melee Weapons Level 1  
  63  7:29  Hydralisk Den  
  62  7:42  Hatchery  
  62  7:43  Drone x6  
  67  7:46  Spire  
  66  8:11  Metabolic Boost  
  66  8:15  Lurker Den  
  66  8:18  Overlord  
  66  8:19  Overlord x2  
  66  8:20  Zergling x6  
  69  8:30  Zerg Ground Armor Level 2  
  69  8:35  Drone x4  
  73  8:47  Baneling Nest  
  72  8:50  Drone x5  
  77  8:58  Extractor  
  76  9:04  Queen  
  76  9:06  Overlord x3  
  76  9:07  Zergling x8  
  82  9:12  Corruptor x4  
  90  9:17  Zerg Melee Weapons Level 2  
  69  9:52  Corruptor x4  
  69  9:55  Zergling x2  
  69  9:56  Zergling x18  
  72  10:18  Drone x9  
  77  10:28  Queen  
  77  10:33  Queen  
  76  10:41  Zergling x2  
  76  10:42  Zergling x20  
  78  11:00  Zergling x2  
  78  11:01  Zergling x10  
  78  11:03  Queen  
  86  11:10  Extractor  
  86  11:11  Hatchery  
  84  11:13  Extractor  
  82  11:41  Infestation Pit, Hydralisk x3  
  82  11:42  Hydralisk x5  
  82  11:45  Zergling x2  
  82  11:46  Zergling x6  
  84  12:02  Zergling x2  
  84  12:03  Zergling x10  
  77  12:18  Zergling x2  
  77  12:19  Zergling x8  
  77  12:22  Lurker x7  
  87  12:23  Lurker  
  88  12:38  Zergling x2  
  88  12:39  Zergling x20  
  91  12:55  Infestor x3  
  91  12:56  Infestor x2  
  96  13:02  Corruptor  
  96  13:03  Corruptor  
  99  13:14  Drone x13  
  102  13:37  Corruptor  
  102  13:38  Corruptor x4  
  102  13:39  Zergling x2  
  102  13:40  Zergling x2  
  114  13:58  Zergling x2  
  114  13:59  Zergling x20  
  125  14:05  Hive  
  125  14:17  Corruptor  
  125  14:18  Corruptor x2  
  131  14:39  Drone x5  
  136  15:00  Zerg Missile Weapons Level 1  
  136  15:08  Zergling x14  
  136  15:10  Overlord x3  
  136  15:11  Overlord x4  
  99  15:43  Corruptor  
  99  15:44  Corruptor x8  
  99  15:49  Zergling x2  
  118  15:50  Zergling x10  
  112  16:03  Drone x7  
  119  16:32  Ultralisk Cavern  
  118  16:44  Zergling x4  
  118  16:45  Zergling x32  
  134  16:48  Hatchery  
  133  17:04  Corruptor x5  
  137  17:28  Ultralisk  
  120  17:41  Zergling x14  
  120  17:42  Zergling x8  
  94  17:53  Zergling x14  
  94  17:54  Zergling x6  
Tags
 
Add a new tag
Caveats
  • Supply blocks, unpowered buildings, or Contaminate may cause inaccurate times.
  • Supply counts are checked every 10 seconds.